 Dungeon Crawl Stone Soup version 0.30.1-11-g7821555f0a (webtiles) character file.

Game seed: 10972642847623482511

65 Okkudo the Chopper (level 4, 0/41 HPs)
             Began as a Hill Orc Monk on Nov 28, 2023.
             Slain by a hobgoblin
             ... wielding a +0 falchion
              (5 damage)
             ... on level 2 of the Dungeon.
             The game lasted 00:04:51 (1540 turns).

Okkudo the Chopper (Hill Orc Monk)                  Turns: 1540, Time: 00:04:52

Health: 0/41       AC:  6    Str: 15    XL:     4   Next: 14%
Magic:  4/4        EV: 11    Int: 10    God:
Gold:   132        SH:  0    Dex: 13    Spells: 3/3 levels left

rFire   . . .        a - +0 hand axe
rCold   . . .        d - orb {light}
rNeg    . . .        f - +0 ring mail
rPois   .            (no helmet)
rElec   .            b - +0 cloak
rCorr   .            (no gloves)
SInv    .            (no boots)
Will    .....        (no amulet)
Stlth   +            (no ring)
HPRegen 0.26/turn    (no ring)
MPRegen 0.09/turn

%: no passive effects
@: glowing
A: no striking features
a: no special abilities


You were on level 2 of the Dungeon.
You visited 1 branch of the dungeon, and saw 2 of its levels.

You collected 132 gold pieces.

Inventory:

Hand Weapons
 a - a +0 hand axe (weapon)
Armour
 b - a +0 cloak (worn)
 d - an orb of light (worn)
 f - a +0 ring mail (worn)
Scrolls
 g - 2 scrolls of identify {unknown}
 h - 2 scrolls of enchant armour {unknown}
 i - a scroll of fog {unknown}
 j - a scroll of amnesia {unknown}
Potions
 c - a potion of ambrosia
 e - 2 potions of curing {unknown}
 k - a potion of brilliance {unknown}


   Skills:
 * Level 4.5 Fighting
 * Level 5.1 Axes
 + Level 1.1 Armour
 - Level 2.6 Dodging


You had 3 spell levels left.
You didn't know any spells.
Your spell library contained the following spells:

 Spells                   Type           Power      Damage    Failure   Level
 Cause Fear               Hex            0%         N/A       100%        4
 Dragon Form              Tmut           0%         N/A       100%        7
 Dragon's Call            Summ           0%         N/A       100%        9


Dungeon Overview and Level Annotations

Branches:
Dungeon (2/15)

Altars:
Ashenzari

Shops:
D:1 (


Message History

You closely miss the adder. The adder bites you but does no damage.
You hit the adder but do no damage. The adder completely misses you.
The adder barely misses you.
You hit the adder.
The adder is moderately wounded.
The adder bites you but does no damage.
You hit the adder.
The adder is moderately wounded.
The adder completely misses you. The adder barely misses you.
You barely miss the adder.
The adder is moderately wounded.
The adder barely misses you.
You hit the adder.
The adder is heavily wounded.
You hit the kobold. The adder bites you but does no damage.
The kobold misses you.
You hit the adder.
The adder is severely wounded.
You hit the kobold.
You kill the kobold!
The adder closely misses you. x2
You closely miss the adder.
The adder is severely wounded.
The adder closely misses you.
You hit the adder.
You kill the adder!
You have reached level 4!
You hit the endoplasm.
The endoplasm is lightly wounded.
The endoplasm freezes you.
You are frozen.
* * * LOW HITPOINT WARNING * * *
You hit the endoplasm.
You kill the endoplasm!
You hit the hobgoblin.
The hobgoblin is moderately wounded.
The hobgoblin hits you with a +0 falchion.
* * * LOW HITPOINT WARNING * * *
The hobgoblin hits you with a +0 falchion.
You die...

#............
##............
#.......$....!
#.............
#......)......
#lJ..g..#
#S#####.# #g#
#.# #@#
###g###### #)#
#.....g†J##
#.#
#.#.#..#.l##
#.#
#.#.#.###..##
#.# #
#...##....#
#.#
#.###J.##..#
#.#
#.##....##..
#.#
###..##.S##.
##..##..Jg##


You could see an adder, an endoplasm, a hobgoblin and a frilled lizard.

Vanquished Creatures
  3 adders (D:2)
  A dart slug (D:2)
  4 bats
  4 endoplasms
  A giant cockroach (D:2)
  4 goblins
  4 hobgoblins
  4 kobolds
  A quokka (D:1)
  4 ball pythons
  A frilled lizard (D:2)
  4 rats
35 creatures vanquished.

Notes
Turn   | Place    | Note
-------+----------+-------------------------------------------
     0 | D:1      | Okkudo the Hill Orc Monk began the quest for the Orb.
     0 | D:1      | Reached XP level 1. HP: 19/19 MP: 1/1
   276 | D:1      | Reached XP level 2. HP: 18/27 MP: 2/2
   498 | D:1      | Found Mero's Weapon Shoppe.
  1105 | D:2      | Found a broken altar of Ashenzari.
  1210 | D:2      | Reached XP level 3. HP: 29/33 MP: 3/3
  1516 | D:2      | Reached skill level 5 in Axes
  1516 | D:2      | Reached skill level 1 in Armour
  1522 | D:2      | HP: 1/34 [adder (1)]
  1538 | D:2      | Reached XP level 4. HP: 6/41 MP: 4/4
  1540 | D:2      | Slain by a hobgoblin

Illustrated notes

Levels and vault maps discovered:
D:1:      matt_arrival_spirals, layout_basic, serial_shops, shop
D:2:      minmay_alternating_diamond, layout_basic, basic_altar,
          minmay_split_cup_large

Skill      XL: |  1  2  3 |
---------------+----------+-----
Fighting       | 4 |  4.5
Axes           | 5 |  5.1
Armour         | 1 |  1.1
Dodging        | |  2.6

Action                     |  1- 3 |  4- 6 || total
---------------------------+-------+-------++-------
  Melee: Hand axe          |    77 |     3 ||    80
 Armour: Robe              |     3 |       ||     3
         Ring mail         |    41 |       ||    41
  Dodge: Dodged            |    81 |       ||    81
